 Dungeon Crawl Stone Soup version 0.25.1-2-g60ff931df9 (webtiles) character file.

Game seed: 9902969811131380352

13750 funkygono the Destroyer (level 11, 0/74 HPs)
             Began as a Demonspawn Conjurer on Nov 1, 2020.
             Was a High Priest of Sif Muna.
             Slain by a white ugly thing (7 damage)
             ... on level 11 of the Dungeon.
             The game lasted 00:32:50 (14111 turns).

funkygono the Destroyer (Demonspawn Conjurer)      Turns: 14111, Time: 00:32:50

Health: 0/74       AC:  5    Str:  3    XL:     11   Next: 79%
Magic:  25/43      EV: 14    Int: 26    God:    Sif Muna [*****.]
Gold:   633        SH:  0    Dex: 23    Spells: 13/30 levels left

rFire    . . .     SeeInvis +   n - +9 long sword of Hard Scrabble {pain, rPois rC+++ SInv Stlth-}
rCold    + + +     Gourm    .   (no shield)
rNeg     . . .     Faith    .   F - +1 robe {MR+}
rPois    +         Spirit   .   (no helmet)
rElec    .         Reflect  .   (no cloak)
rCorr    .         Harm     .   g - +0 pair of gloves (curse)
MR       +....                  i - +0 pair of boots
Stlth    ++++......             (no amulet)
HPRegen  0.22/turn              j - ring "Voruiq Forchi" {MP+9 Str-5 Int+7 Dex+4 Stlth+}
MPRegen  0.28/turn              l - ring of magical power

@: hasted, very quick
A: talons 1, thin skeletal structure 2, nightstalker 1, spiny 1
a: Channel Magic, Forget Spell, Divine Exegesis, Renounce Religion


You were on level 11 of the Dungeon.
You worshipped Sif Muna.
Sif Muna was extremely pleased with you.
You were hungry.

You visited 1 branch of the dungeon, and saw 11 of its levels.

You collected 633 gold pieces.

Inventory:

Hand Weapons
 e - a +1 whip
 n - the +9 long sword of Hard Scrabble (weapon) {pain, rPois rC+++ SInv Stlth-}
   (You found it on level 5 of the Dungeon)

   In the hands of one skilled in necromantic magic, it inflicts extra damage on
   living creatures.
   It renders you almost immune to cold.
   It protects you from poison.
   It lets you see invisible.
   It makes you less stealthy.
 x - a +3 whip of draining
 D - a +3 dagger of chaos
 E - a +4 dagger
 J - a +0 whip of venom
Missiles
 d - 422 stones (quivered)
Armour
 a - a +1 robe
 g - a cursed +0 pair of gloves (worn)
 i - a +0 pair of boots (worn)
 F - a +1 robe of magic resistance (worn)
 K - a +2 robe of fire resistance
Jewellery
 j - the ring "Voruiq Forchi" (left hand) {MP+9 Str-5 Int+7 Dex+4 Stlth+}
   (You found it on level 4 of the Dungeon)

   [ring of magical power]

   It affects your strength (-5).
   It affects your intelligence (+7).
   It affects your dexterity (+4).
   It affects your magic capacity (+9).
   It makes you more stealthy.
 l - a ring of magical power (right hand)
 q - an uncursed ring of stealth
 y - an uncursed ring of protection from fire
 G - an uncursed ring of stealth
Wands
 k - a wand of iceblast (7)
 s - a wand of enslavement (6)
 u - a wand of polymorph (10)
 v - a wand of disintegration (13)
 I - a wand of paralysis (7)
Scrolls
 h - 3 scrolls of blinking
 p - 2 scrolls of identify
 r - 6 scrolls of remove curse
 t - 5 scrolls of teleportation
 B - 2 scrolls of amnesia
 C - a scroll of magic mapping
Potions
 b - a potion of haste
 f - 4 potions of curing
 m - 2 potions of cancellation
 o - 3 potions of stabbing
 w - a potion of flight
 A - 2 potions of lignification
 H - a potion of ambrosia {unknown}
Comestibles
 c - 15 rations
 z - 4 chunks of flesh


   Skills:
 + Level 2.6 Fighting
 + Level 2.0 Long Blades
 + Level 2.1 Maces & Flails
 + Level 3.4 Dodging
 - Level 1.7 Stealth
 * Level 10.0 Spellcasting
 * Level 11.7 Conjurations
 * Level 6.3 Fire Magic
 * Level 6.3 Earth Magic


You had 13 spell levels left.
You knew the following spells:

 Your Spells              Type           Power        Failure   Level  Hunger
a - Magic Dart            Conj           ####         1%          1    None
b - Searing Ray           Conj           ######       1%          2    None
c - Stone Arrow           Conj/Erth      ######       1%          3    None
d - Lee's Rapid Deconstr  Erth           #####.....   10%         5    ####...
e - Foxfire               Conj/Fire      ####         1%          1    None
f - Fireball              Conj/Fire      ######....   3%          5    ####...

Your spell library contained the following spells:

 Spells                   Type           Power        Failure   Level  Hunger
 Sandblast                Erth           #####.       1%          1    None
 Passwall                 Tmut/Erth      ####....     1%          2    None
 Conjure Flame            Conj/Fire      ######..     1%          3    None
 Dazzling Flash           Conj/Hex       #####.       1%          3    None
 Sticky Flame             Conj/Fire      ######..     1%          4    None
 Inner Flame              Hex/Fire       ####....     3%          3    None
 Fulminant Prism          Conj/Hex       #####.....   4%          4    None
 Iskenderun's Mystic Bla  Conj/Tloc      #####...     4%          4    None
 Petrify                  Tmut/Erth      ####....     12%         4    None
 Vampiric Draining        Necr           ##........   14%         3    None
 Borgnjor's Vile Clutch   Necr/Erth      ####......   34%         5    ####...
 Dispel Undead            Necr           ##......     41%         4    None
 Excruciating Wounds      Chrm/Necr      ##........   77%         5    ####...
 Death Channel            Necr           ##........   100%        6    #####..


Dungeon Overview and Level Annotations

Branches:
Dungeon (11/15)            Temple (0/1) D:6            Lair (0/6) D:11
    Orc: D:9-12

Altars:
Fedhas
Kikubaaqudgha
Sif Muna

Annotations:
D:10 3 runed translucent doors, groll's ghost, novice MiBe; lepoulpe303's ghost, novice FoFi; lorenzova's ghost, journeyman DECj; othur's ghost, novice GrFi


Innate Abilities, Weirdness & Mutations

You have sharp toenails.
You have a moderately thin skeletal structure. (Dex +4, Stealth+)
You are slightly more attuned to the shadows.
You are partially covered in sharp spines.


Message History

A yak comes into view.
Casting: Stone Arrow (safe; 1% risk of failure)
Confirm with . or Enter, or press ? or * to list all spells.
Aiming: Stone Arrow (safe; 1% risk of failure)
Press: ? - help, Shift-Dir - straight line, f/p - white ugly thing
Aim: a white ugly thing (almost dead)
The stone arrow hits the white ugly thing.
The white ugly thing is almost dead.
The yak bellows!
The white ugly thing pecks you! The white ugly thing freezes you. You resist.
* * * LOW HITPOINT WARNING * * *
The white ugly thing pecks you.
* * * LOW HITPOINT WARNING * * *
The white ugly thing freezes you. You resist.
* * * LOW HITPOINT WARNING * * *
You feel yourself speed up. The yak is struck by your spines.
The yak gores you.
* * * LOW HITPOINT WARNING * * *
The white ugly thing pecks you!
You die...

#......................###.)#
#.....#########..........##.#
##..###.......####........#)#
#.....†.........###........#
#........⌠........#........#
###....)..........#.......##
..####.......###..##.....##
.....#########.....#....##
.......YYYY@.......#..###
.........Yu.......⌠####
####..[........#####
#############


You could see a white ugly thing and 5 yaks.

Vanquished Creatures
  Erolcha (D:10)
  A hydra (D:8)
  An ogre mage (D:11)
  3 two-headed ogres
  Psyche (D:10)
  A troll (D:10)
  A hornet (D:10)
  2 dream sheep (D:8)
  7 yaks
  A vampire (D:11)
  A hungry ghost (D:11)
  2 water moccasins
  A soldier ant (D:11)
  6 porcupines (D:11)
  2 sky beasts
  A necrophage (D:9)
  5 ice beasts
  5 orc warriors
  3 black bears
  3 phantoms
  8 ogres
  6 centaurs
  A crocodile (D:11)
  8 big kobolds
  A wyvern zombie (D:10)
  5 bullfrogs
  A gnoll sergeant (D:4)
  A wyvern skeleton (D:6)
  3 scorpions
  8 killer bees
  4 wights (D:9)
  A howler monkey (D:10)
  6 crimson imps
  A quasit (D:9)
  2 bullfrog zombies
  A centaur zombie (D:9)
  2 centaur skeletons
  2 jellies
  5 orc priests
  8 hounds
  2 bullfrog skeletons
  8 orc wizards
  8 worker ants
  8 iguanas
  2 hound skeletons
  14 adders
  3 gnolls (D:4)
  4 shadow imps
  An ooze (D:3)
  2 adder zombies
  2 adder skeletons
  A worm (D:2)
  2 dart slugs
  4 leopard geckos
  31 orcs
  2 giant cockroaches
  8 goblins
  6 hobgoblins
  2 jackals (D:1)
  33 kobolds
  4 quokkas
  6 bats
  6 frilled lizards
  A jackal skeleton (D:4)
  A jackal zombie (D:6)
  A leopard gecko skeleton (D:6)
  A quokka skeleton (D:8)
  10 rats
  A fungus (D:11)
  A plant (D:11)
297 creatures vanquished.

Vanquished Creatures (others)
  217 foxfires
  33 fungi (D:11)
  36 plants
  2 withered plants (D:10)
288 creatures vanquished.

Grand Total: 585 creatures vanquished

Notes
Turn   | Place    | Note
-------+----------+-------------------------------------------
     0 | D:1      | funkygono the Demonspawn Conjurer began the quest for the
                  | Orb.
     0 | D:1      | Reached XP level 1. HP: 13/13 MP: 3/3
   561 | D:1      | Gained mutation: You have sharp toenails. [demonic
                  | ancestry]
   561 | D:1      | Reached XP level 2. HP: 13/19 MP: 0/5
   668 | D:1      | Learned a level 2 spell: Searing Ray
  1415 | D:2      | Reached XP level 3. HP: 20/24 MP: 2/6
  2456 | D:3      | Reached skill level 5 in Conjurations
  2456 | D:3      | Reached XP level 4. HP: 22/30 MP: 1/8
  2746 | D:3      | Reached XP level 5. HP: 18/36 MP: 0/9
  4024 | D:4      | Noticed an ogre
  4029 | D:4      | Killed an ogre
  4029 | D:4      | Reached skill level 1 in Maces & Flails
  4029 | D:4      | Reached skill level 6 in Conjurations
  4029 | D:4      | Reached XP level 6. HP: 42/42 MP: 6/11
  4165 | D:4      | Got a bound silver ring
  4166 | D:4      | Identified the ring "Voruiq Forchi" {MP+9 Str-5 Int+7 Dex+4
                  | Stlth+} (You found it on level 4 of the Dungeon)
  4221 | D:4      | Found a shimmering blue altar of Sif Muna.
  4226 | D:4      | Became a worshipper of Sif Muna the Loreminder
  4444 | D:4      | Reached skill level 1 in Fighting
  4444 | D:4      | Gained mutation: You have a somewhat thin skeletal
                  | structure. (Dex +2, Stealth) [demonic ancestry]
  4444 | D:4      | Reached XP level 7. HP: 48/48 MP: 13/13
  5129 | D:5      | Entered Level 5 of the Dungeon
  5523 | D:5      | Reached skill level 7 in Conjurations
  5594 | D:5      | Reached skill level 5 in Spellcasting
  5675 | D:5      | Got a jewelled long sword
  5676 | D:5      | Identified the +9 long sword of Hard Scrabble {pain, rPois
                  | rC+++ SInv Stlth-} (You found it on level 5 of the Dungeon)
  5864 | D:5      | Learned a level 3 spell: Stone Arrow
  5921 | D:5      | Reached XP level 8. HP: 54/54 MP: 16/16
  6251 | D:5      | Learned a level 5 spell: Lee's Rapid Deconstruction
  6317 | D:6      | Reached skill level 1 in Earth Magic
  6479 | D:6      | Learned a level 1 spell: Foxfire
  6485 | D:6      | Learned a level 5 spell: Fireball
  6580 | D:6      | Reached * piety under Sif Muna
  6944 | D:6      | Reached skill level 1 in Fire Magic
  7040 | D:6      | Found a staircase to the Ecumenical Temple.
  8030 | D:7      | Reached skill level 8 in Conjurations
  8416 | D:8      | Gained mutation: You are partially covered in sharp spines.
                  | [demonic ancestry]
  8416 | D:8      | Reached XP level 9. HP: 61/61 MP: 18/18
  8588 | D:8      | Reached ** piety under Sif Muna
  9416 | D:8      | Reached skill level 9 in Conjurations
  9455 | D:8      | Noticed a three-headed hydra
  9480 | D:8      | Killed a three-headed hydra
  9480 | D:8      | Reached skill level 1 in Long Blades
  9480 | D:8      | Reached skill level 5 in Earth Magic
  9480 | D:8      | Gained mutation: You have a moderately thin skeletal
                  | structure. (Dex +4, Stealth+) [demonic ancestry]
  9480 | D:8      | Reached XP level 10. HP: 7/67 MP: 21/21
 10283 | D:9      | Found an ancient bone altar of Kikubaaqudgha.
 10347 | D:9      | Reached *** piety under Sif Muna
 10347 | D:9      | Reached skill level 10 in Conjurations
 11211 | D:9      | Noticed a two-headed ogre
 11219 | D:9      | Killed a two-headed ogre
 11451 | D:9      | Reached **** piety under Sif Muna
 11567 | D:9      | Found a blossoming altar of Fedhas.
 11706 | D:10     | Entered Level 10 of the Dungeon
 11706 | D:10     | Found a runed translucent gate.
 11709 | D:10     | Found a runed translucent gate.
 11710 | D:10     | Found a runed translucent gate.
 11711 | D:10     | Noticed groll's ghost (novice MiBe)
 11989 | D:10     | Noticed a two-headed ogre
 11992 | D:10     | Killed a two-headed ogre
 11992 | D:10     | Reached skill level 5 in Fire Magic
 12118 | D:10     | Noticed Psyche
 12121 | D:10     | Killed Psyche
 12121 | D:10     | Gained mutation: You are slightly more attuned to the
                  | shadows. [demonic ancestry]
 12121 | D:10     | Reached XP level 11. HP: 73/73 MP: 23/23
 12180 | D:10     | Noticed Erolcha
 12186 | D:10     | Killed Erolcha
 12186 | D:10     | Reached skill level 11 in Conjurations
 12501 | D:10     | Noticed lepoulpe303's ghost (novice FoFi)
 12501 | D:10     | Noticed othur's ghost (novice GrFi)
 12502 | D:10     | Noticed lorenzova's ghost (journeyman DECj)
 13083 | D:11     | Reached ***** piety under Sif Muna
 13087 | D:11     | Identified Sif Muna's Collected Works on Stolen Souls (Sif
                  | Muna gifted it to you on level 11 of the Dungeon)
 13087 | D:11     | Received a gift from Sif Muna
 13402 | D:11     | Found a staircase to the Lair.
 13721 | D:11     | Noticed a two-headed ogre
 13722 | D:11     | Noticed an ogre mage
 13727 | D:11     | Killed a two-headed ogre
 13737 | D:11     | Killed an ogre mage
 13737 | D:11     | Reached skill level 10 in Spellcasting
 14096 | D:11     | Noticed a white ugly thing
 14111 | D:11     | Slain by a white ugly thing

Illustrated notes

Levels and vault maps discovered:
D:1:      mrwooster_arrival_statue_2, layout_basic, serial_bayou_ford_a
D:2:      layout_basic, chequers_serial_rivers_micro_e
D:3:      layout_basic, first_ration
D:4:      layout_loops_ring, kennysheep_little_box, grunt_ministairs_7,
          minmay_strange_pillars
D:5:      layout_cave_pods
D:6:      layout_basic, minmay_temple_entry_butterflies, nrook_mini_vaults,
          kennysheep_doodads
D:7:      layout_basic
D:8:      layout_gridville, hangedman_ranch [blue_anna_fruit_fields]
D:9:      layout_cave_pools, basic_altar, fedhas_bush_and_centaur_altar
D:10:     layout_roguey, gammafunk_ghost_cemetery, uniq_psyche, uniq_erolcha
D:11:     kennysheep_spiral_hall, layout_basic, due_lair_maze_entry_diamond

Skill      XL: |  1  2  3  4  5  6  7  8  9 10 11 |
---------------+----------------------------------+-----
Dodging        | 2 3 |  3.4
Conjurations   | 5 6 7 8 9 10 11 | 11.7
Spellcasting   | 3 4 5 6 7 8 10 | 10.0
Maces & Flails | 1 2 |  2.1
Fighting       | 1 2 |  2.6
Earth Magic    | 3 5 6 |  6.3
Fire Magic     | 2 3 5 6 |  6.3
Long Blades    | 1 2 |  2.0
Stealth        | |  1.7

Action                   |  1- 3 |  4- 6 |  7- 9 | 10-12 || total
-------------------------+-------+-------+-------+-------++-------
Melee: Whip              |    11 |    18 |     5 |       ||    34
       Unarmed           |    10 |       |       |       ||    10
       Kick              |       |     3 |     5 |     3 ||    11
       Long sword        |       |       |     9 |     7 ||    16
Throw: Stone             |       |       |       |     1 ||     1
 Cast: Magic Dart        |    46 |    47 |    71 |    30 ||   194
       Searing Ray       |    11 |    15 |    33 |    18 ||    77
       Stone Arrow       |       |       |    64 |    58 ||   122
       Foxfire           |       |       |    46 |    81 ||   127
       Fireball          |       |       |       |    51 ||    51
  Use: Scroll            |     5 |     2 |     7 |     9 ||    23
       Potion            |       |       |       |     1 ||     1
  Eat: Ration            |     1 |       |     1 |     1 ||     3
       Chunk             |     2 |     7 |    11 |    20 ||    40
Armor: Robe              |     9 |     6 |     5 |     9 ||    29
Dodge: Dodged            |    18 |    16 |    49 |    71 ||   154
       Rpst.: Long sword |       |       |     9 |    18 ||    27
